 Dungeon Crawl Stone Soup version 0.28.0-45-g0d030f2227 (webtiles) character file.

Game seed: 4318404711953343799

796 Peloso the Slasher (level 7, -2/61 HPs)
             Began as a Minotaur Fighter on Apr 10, 2022.
             Slain by a bullfrog (4 damage)
             ... on level 7 of the Dungeon.
             The game lasted 00:14:00 (5284 turns).

Peloso the Slasher (Minotaur Fighter)               Turns: 5284, Time: 00:14:01

Health: -2/61      AC:  7    Str: 20    XL:     7   Next: 58%
Magic:  6/6        EV:  5    Int:  5    God:
Gold:   163        SH:  0    Dex: 12    Spells: 6/6 levels left

rFire   . . .      SeeInvis .   a - +0 long sword
rCold   . . .      Faith    .   c - +0 buckler
rNeg    . . .      Spirit   .   b - +0 scale mail
rPois   .          Reflect  .   (helmet restricted)
rElec   .          Harm     .   (no cloak)
rCorr   .          Rampage  .   (no gloves)
Will    +....                   (no boots)
Stlth   ..........              (no amulet)
HPRegen 0.20/turn               n - ring of willpower
MPRegen 0.10/turn               (no ring)

@: held
A: horns 2, retaliatory headbutt
a: no special abilities


You were on level 7 of the Dungeon.
You visited 1 branch of the dungeon, and saw 7 of its levels.
You also visited: Ossuary.

You collected 163 gold pieces.

Inventory:

Hand Weapons
 a - a +0 long sword (weapon)
Armour
 b - a +0 scale mail (worn)
 c - a +0 buckler (worn)
 g - a +1 chain mail of poison resistance
Jewellery
 n - a ring of willpower (left hand)
Wands
 y - a wand of flame (7)
Scrolls
 h - 2 scrolls of amnesia {unknown}
 j - 3 scrolls of fog {unknown}
 k - 3 scrolls of immolation {unknown}
 m - 4 scrolls of identify
 o - 3 scrolls of magic mapping {unknown}
 p - 2 scrolls of blinking {unknown}
 q - a scroll of silence {unknown}
 r - a scroll of vulnerability {unknown}
 s - 3 scrolls of enchant weapon {unknown}
 v - 2 scrolls of teleportation {unknown}
 w - a scroll of torment {unknown}
 z - a scroll of fear {unknown}
 A - a scroll of acquirement {unknown}
Potions
 d - a potion of might
 e - a potion of degeneration
 f - a potion of cancellation {unknown}
 i - 4 potions of curing {unknown}
 l - a potion of haste {unknown}
 t - a potion of flight {unknown}
 u - a potion of heal wounds {unknown}
 x - a potion of mutation {unknown}
 B - a potion of brilliance {unknown}


   Skills:
 + Level 5.6 Fighting
 + Level 7.6 Long Blades
 + Level 5.2 Armour
 + Level 2.3 Dodging
 + Level 0.2 Stealth
 + Level 4.7 Shields


You had 6 spell levels left.
You didn't know any spells.
Your spell library contained the following spells:

 Spells                   Type           Power      Damage    Failure   Level
 Beastly Appendage        Tmut           0%         N/A       88%         1
 Wereblood                Tmut           0%         N/A       95%         2
 Spider Form              Tmut/Pois      0%         N/A       99%         3


Dungeon Overview and Level Annotations

Branches:
Dungeon (8/15)            Ossuary (visited)
 Temple: D:4-7         Lair: D:8-11

Altars:
Cheibriados
Dithmenos
Wu Jian
Xom

Annotations:
D:5 Grinder
D:7 Harold


Innate Abilities, Weirdness & Mutations

You have a pair of horns on your head.
You reflexively headbutt those who attack you in melee.


Message History

You kill the gnoll!
Things that are here:
a +0 spear; a gnoll corpse You start resting.
HP restored.
There is a stone staircase leading up here.
You can't go down here!
You climb upwards.
Level annotation: Harold The bullfrog hits you.
You block the bullfrog's attack.
The gnoll hits you but does no damage. x2; The gnoll barely misses you.
There is a stone staircase leading down here.
Unknown command.
You block the bullfrog's attack.
The gnoll sergeant hits you from afar with a +2 spear of freezing!
The gnoll sergeant freezes you. The gnoll hits you with a +0 whip.
The gnoll hits you but does no damage. The gnoll closely misses you.
The gnoll hits you but does no damage.
Harold throws a throwing net.
The throwing net hits you.
You become entangled in the net!
You stop descending the stairs.
The bullfrog hits you but does no damage.
You struggle against the net.
The bullfrog hits you!
The gnoll sergeant hits you from afar with a +2 spear of freezing.
The gnoll sergeant freezes you. The gnoll hits you but does no damage.
The gnoll barely misses you. x2; The gnoll hits you with a +0 flail.
Harold grumbles, "Just give up already, I want to go home!"
Unknown command.
You struggle against the net.
The bullfrog hits you but does no damage.
The gnoll sergeant hits you from afar with a +2 spear of freezing.
The gnoll sergeant freezes you. The gnoll hits you with a +0 whip.
The gnoll barely misses you. You furiously retaliate!
You headbutt the gnoll.
The gnoll hits you from afar with a +0 halberd!
* * * LOW HITPOINT WARNING * * *
The gnoll hits you with a +0 whip.
* * * LOW HITPOINT WARNING * * *
The bullfrog hits you but does no damage.
Unknown command.
You struggle against the net.
The bullfrog hits you.
You die...

#............#
#............#
#............#
#............#
#...........$#
#.....gg.....#
#....g.@g....#
#.....@F.....#
#.....gg.....#
##.###########
#


You could see Harold, a gnoll sergeant, a bullfrog and 5 gnolls.

Vanquished Creatures
  Eustachio (D:4)
  An ogre (D:3)
  2 scorpions (D:4)
  A troll zombie (Ossuary)
  A hound (D:3)
  A jelly (D:4)
  4 ogre zombies (Ossuary)
  7 mummies (Ossuary)
  A hound skeleton (D:4)
  A howler monkey zombie (D:8)
  4 adders
  A gnoll (D:8)
  An ufetubus (D:4)
  6 adder zombies (Ossuary)
  A worm (D:3)
  2 dart slugs (D:1)
  5 orcs (D:3)
  7 endoplasms
  5 goblins
  7 hobgoblins
  8 jackals
  8 kobolds
  3 quokkas
  7 ball pythons
  3 bats
  3 frilled lizards
  5 goblin zombies (Ossuary)
  2 hobgoblin zombies (Ossuary)
  3 kobold zombies (Ossuary)
  3 quokka zombies (Ossuary)
  5 rats
  6 rat zombies (Ossuary)
115 creatures vanquished.

Vanquished Creatures (others)
  A fungus (D:2)
1 creature vanquished.

Grand Total: 116 creatures vanquished

Notes
Turn   | Place    | Note
-------+----------+-------------------------------------------
     0 | D:1      | Peloso the Minotaur Fighter began the quest for the Orb.
     0 | D:1      | Reached XP level 1. HP: 19/19 MP: 0/0
   192 | D:1      | Reached XP level 2. HP: 27/27 MP: 1/1
   596 | D:1      | Reached XP level 3. HP: 30/33 MP: 2/2
   873 | D:2      | Reached skill level 3 in Long Blades
  1621 | D:2      | Found a faded altar of an unknown god.
  1746 | D:3      | Reached XP level 4. HP: 39/40 MP: 3/3
  1969 | D:3      | Found a shadowy altar of Dithmenos.
  2099 | D:3      | Reached skill level 4 in Long Blades
  2161 | D:3      | Found a shimmering altar of Xom.
  2162 | D:3      | Noticed an ogre
  2170 | D:3      | Killed an ogre
  2171 | D:3      | Reached skill level 1 in Dodging
  2171 | D:3      | Reached XP level 5. HP: 17/47 MP: 4/4
  2618 | D:3      | Reached skill level 5 in Long Blades
  2872 | D:4      | Found an ornate altar of the Wu Jian Council.
  2920 | D:4      | Found a sand-covered staircase.
  2922 | D:4      | Noticed Eustachio
  2923 | D:4      | Found a snail-covered altar of Cheibriados.
  2934 | Ossuary  | Entered an ossuary
  2974 | Ossuary  | Reached XP level 6. HP: 18/53 MP: 5/5
  3449 | Ossuary  | HP: 2/55 [troll zombie (6)]
  3862 | Ossuary  | Reached skill level 5 in Fighting
  3862 | Ossuary  | Reached skill level 6 in Long Blades
  4399 | D:4      | Killed Eustachio
  4400 | D:4      | Reached skill level 5 in Armour
  4400 | D:4      | Reached XP level 7. HP: 48/61 MP: 6/6
  4631 | D:4      | Reached skill level 7 in Long Blades
  4979 | D:5      | Entered Level 5 of the Dungeon
  4980 | D:5      | Noticed Grinder
  4984 | D:5      | Paralysed by Grinder for 2 turns
  4990 | D:5      | Paralysed by Grinder for 4 turns
  4994 | D:5      | You fall into a shaft and drop 3 floors!
  5028 | D:8      | Noticed a yak
  5192 | D:7      | Noticed Harold
  5283 | D:7      | HP: 2/61 [gnoll/+0 whip (5)]
  5284 | D:7      | Slain by a bullfrog

Illustrated notes

Levels and vault maps discovered:
D:1:      nzn_arrival_depleted_hourglass, layout_basic
D:2:      layout_basic, shapermc_ecumenical_altar_petra
D:3:      layout_loops_corners, overflow_temple_1_default,
          nicolae_dithmenos_the_darkroom
D:4:      layout_cave_pools, mainiacjoe_overflow_catch_the_wave,
          enter_ossuary_1, minmay_misc_feat_room,
          hangedman_abyss_or_decor_passed, grunt_decor_fettered,
          minmay_curled_crystal, uniq_eustachio
D:5:      layout_gridville, uniq_grinder
D:7:      layout_basic, uniq_harold, uniq_joseph
D:8:      layout_loops_ring

Skill      XL: |  1  2  3  4  5  6  7 |
---------------+----------------------+-----
Shields        | 4 |  4.7
Fighting       | 4 5 |  5.6
Long Blades    | 3 4 5 6 7 |  7.6
Armour         | 4 5 |  5.2
Dodging        | 1 2 |  2.3
Stealth        | |  0.2

Action                   |  1- 3 |  4- 6 |  7- 9 || total
-------------------------+-------+-------+-------++-------
Melee: Long sword        |   103 |   176 |    29 ||   308
       Headbutt          |    10 |    32 |     6 ||    48
  Use: Scroll            |       |     1 |       ||     1
Armor: Scale mail        |    44 |    61 |    21 ||   126
Dodge: Dodged            |    52 |    82 |    16 ||   150
Block: Buckler           |    26 |    36 |     7 ||    69
